 Dungeon Crawl Stone Soup version 0.31-a0-986-g5e6e4ef867 (webtiles) character file.

Game seed: 9920669078274720400

35 Whiskey the Changeling (level 3, -2/23 HPs)
             Began as an Octopode Shapeshifter on Nov 5, 2023.
             Slain by a goblin
             ... wielding a +0 club
              (4 damage)
             ... on level 2 of the Dungeon.
             The game lasted 00:01:24 (1203 turns).

Whiskey the Changeling (Octopode Shapeshifter)      Turns: 1203, Time: 00:01:25

Health: -2/23      AC:  1    Str: 15    XL:     3   Next: 33%
Magic:  3/3        EV: 13    Int: 12    God:
Gold:   113        SH:  0    Dex: 11    Spells: 2/2 levels left

rFire   . .          .
                       - Unarmed
rCold   . . .        (no shield)
rNeg    . . .        (helmet currently unavailable)
rPois   .            (no amulet)
rElec   .            (no ring)
rCorr   .            (no ring)
SInv    .            (no ring)
Will    .....        (no ring)
Stlth   ++           (no ring)
HPRegen 0.23/turn    (no ring)
MPRegen 0.08/turn    (no ring)
                     (no ring)

%: no passive effects
@: lethally poisoned (-2 -> -5), beast-form
A: beast (slay +2), almost no armour, amphibious, 8 rings, camouflage 1,
gelatinous body 1, (nimble swimmer 1), tentacles
a: Begin Untransformation


You were on level 2 of the Dungeon.
You were a hulking beast.
You visited 1 branch of the dungeon, and saw 2 of its levels.

You collected 113 gold pieces.

Inventory:

Hand Weapons
 h - a +0 hand axe of venom
   (You found it on level 1 of the Dungeon)
Talismans
 b - a beast talisman
 c - a flux talisman
Scrolls
 e - 2 scrolls of teleportation {unknown}
 i - a scroll of fog {unknown}
Potions
 a - a potion of lignification {!q}
 d - a potion of enlightenment {unknown}
 f - 2 potions of curing {unknown}
 g - a potion of degeneration {unknown}
 j - a potion of mutation {unknown}


   Skills:
 - Level 1.0 Fighting
 - Level 2.0 Dodging
 - Level 3.0 Unarmed Combat
 * Level 4.1 Shapeshifting


You had 2 spell levels left.
You didn't know any spells.
Your spell library contained the following spells:

 Spells                   Type           Power      Damage    Failure   Level
 Freeze                   Ice            0%         1d3       32%         1
 Frozen Ramparts          Ice            0%         1d1       69%         3
 Hailstorm                Conj/Ice       0%         3d3       69%         3


Dungeon Overview and Level Annotations

Branches:
Dungeon (2/15)

Altars:

Annotations:
D:2 Ijyb


Innate Abilities, Weirdness & Mutations

You are a hulking beast.
Your limbs bulge with bestial killing power. (Slay +2)
You cannot wear most types of armour.
You are amphibious.
You can wear up to eight rings at the same time.
Your skin changes colour to match your surroundings (Stealth+).
Your rubbery body absorbs attacks. (AC +1, EV +1)
((You are camouflaged when in or above water. (Stealth+)))
You have tentacles for arms and can constrict up to eight enemies at once.


Message History

The helpless kobold fails to defend itself.
You tentacle-slap the kobold. Your grab misses the kobold.
The kobold barely misses you.
You miss the kobold. Your grab misses the kobold.
Your squeeze misses the kobold. The kobold closely misses you.
You bludgeon the kobold!
You kill the kobold!
No target in view!
No target in view!
No target in view!
No target in view!
No target in view!
A frilled lizard comes into view.
You see here a +0 dagger.
You closely miss the frilled lizard. You grab the frilled lizard.
Your squeeze misses the frilled lizard. You constrict the frilled lizard.
You kill the frilled lizard!
No target in view!
No target in view!
No target in view!
No target in view!
No target in view!
No target in view!
No target in view!
No target in view!
You see here a +0 dagger.
A hobgoblin comes into view.
An endoplasm comes into view.
The endoplasm quivers.
You see here a bubbling white potion.
The hobgoblin shouts!
You tentacle-slap the endoplasm.
You kill the endoplasm!
The hobgoblin closely misses you.
You tentacle-slap the hobgoblin but do no damage.
You grab the hobgoblin. You constrict the hobgoblin. The hobgoblin hits you.
You take 1 damage, and have 22/23 hp.
You tentacle-slap the hobgoblin but do no damage.
You squeeze the hobgoblin.
You kill the hobgoblin!
Health restored: 23 No target in view!
No target in view!
No target in view!
No target in view!
No target in view!
No target in view!
No target in view!
No target in view!
No target in view!
No target in view!
j - a bubbling white potion 2 goblins come into view.
A goblin is wielding a +2 dagger of venom. 2 goblins come into view.
The goblin shouts! x3
A goblin comes into view. It is wielding a +0 club.
You see here a scroll labelled GUIWOC WINURA.
Ijyb and a goblin come into view.
Ijyb is wielding a +0 dagger and carrying a wand of flame.
Ijyb shouts!
The goblin shouts! x2
You tentacle-slap the goblin. You grab the goblin. You squeeze the goblin.
You kill the goblin!
You tentacle-slap the goblin but do no damage.
You grab the goblin. You tentacle-slap the goblin. You constrict the goblin.
The goblin hits you with a +0 dagger. The goblin hits you with a +0 club.
You take 2 damage, and have 21/23 hp.
You tentacle-slap the goblin.
You kill the goblin!
The goblin hits you with a +0 club.
You take 1 damage, and have 20/23 hp.
You barely miss the goblin. You grab the goblin. You constrict the goblin.
The goblin hits you with a +0 club.
The goblin hits you with a +2 dagger of venom.
You are poisoned.
You take 5 damage, and have 15/23 hp.
MASSIVE DAMAGE!!
You bludgeon the goblin!
You kill the goblin!
You feel very sick.
You take 2 damage, and have 13/23 hp.
You tentacle-slap Ijyb but do no damage.
You grab Ijyb. You constrict Ijyb, but do no damage.
You feel sick.
You take 2 damage, and have 11/23 hp.
You are too injured to fight recklessly!
You tentacle-slap Ijyb but do no damage.
You constrict Ijyb.
You feel sick.
Ijyb struggles to escape constriction.
The goblin hits you with a +0 club. x2
You take 4 damage, and have 7/23 hp.
You tentacle-slap Ijyb. You constrict Ijyb, but do no damage.
You feel sick. The goblin hits you with a +0 club.
* * * LOW HITPOINT WARNING * * *
Ijyb barely misses you. The goblin closely misses you.
The goblin barely misses you.
You take 4 damage, and have 3/23 hp.
You release your grip on Ijyb.
* * * LOW HITPOINT WARNING * * *
You feel sick. The goblin attacks as it pursues you!
The goblin hits you with a +0 club.
You die...

#..?.)..########...
#8....?8# ####
#.......# #
#8.....8# #
#.......# #
#8.....8# #
#.g)g...# #
#8g.g..8# #
#.h.....# #
##.?...).# #
#....##### # #.#.##
# #.#.# #
#.####>#.# # .
#.#......# # .
#.#.##.#.# # .##
#.#.##.#.# #


You could see Ijyb and 3 goblins.

Vanquished Creatures
  2 dart slugs (D:1)
  A ball python (D:1)
  3 endoplasms
  3 giant cockroaches
  4 goblins
  2 hobgoblins
  A quokka (D:1)
  4 bats
  2 frilled lizards (D:2)
  2 kobolds
  3 rats (D:1)
27 creatures vanquished.

Notes
Turn   | Place    | Note
-------+----------+-------------------------------------------
     0 | D:1      | Whiskey the Octopode Shapeshifter began the quest for the
                  | Orb.
     0 | D:1      | Reached XP level 1. HP: 13/13 MP: 1/1
     6 | D:1      | Noticed a basilisk
     6 | D:1      | Noticed a tyrant leech
     6 | D:1      | Noticed a ragged hierophant
     6 | D:1      | Noticed a stone giant
   140 | D:1      | Reached XP level 2. HP: 16/18 MP: 2/2
   920 | D:2      | Reached XP level 3. HP: 16/23 MP: 3/3
   926 | D:2      | Reached skill level 4 in Shapeshifting
  1193 | D:2      | Noticed Ijyb
  1202 | D:2      | HP: 3/23 [goblin/+0 club (3)]
  1203 | D:2      | Slain by a goblin

Illustrated notes

Levels and vault maps discovered:
D:1:      onia_arrival_zoo_common, layout_basic
D:2:      kennysheep_the_goblin_king, layout_loops_ring

Skill      XL: |  1  2  3 |
---------------+----------+-----
Shapeshifting  | 4 |  4.1
Fighting       | |  1.0
Dodging        | |  2.0
Unarmed Combat | |  3.0

Action                     || total
---------------------------++-------
  Melee: Unarmed           ||    50
         Constrict         ||    17
         Punch             ||     5
         Tentacles         ||     4
   Stab: Sleeping          ||     5
 Armour: Skin              ||    23
  Dodge: Dodged            ||    25

Table legend: (Time is in decaauts)
 A = Elapsed time spent in this place.
 B = Non-inter-level travel time spent in this place.
 C = Inter-level travel time spent in this place.
 D = Time resting spent in this place.
 E = Time spent auto-exploring this place.
 F = Levels seen in this place.
 G = Mean time per level.
                   A        B        C        D        E       F      G
               +--------+--------+--------+--------+--------+-----+--------+
         Total |   1199 |   1166 |     33 |      7 |   1007 |   2 |  599.5 |
       Dungeon |   1199 |   1166 |     33 |      7 |   1007 |   2 |  599.5 |
               +--------+--------+--------+--------+--------+-----+--------+

Top non-repeatable levels by time:
     D:1: 886 daAuts
     D:2: 313 daAuts

Levels and vault maps discovered:
D:1:      onia_arrival_zoo_common, layout_basic
D:2:      kennysheep_the_goblin_king, layout_loops_ring

Table legend: (Time is in decaauts)
 A = Elapsed time spent in this place.
 B = Non-inter-level travel time spent in this place.
 C = Inter-level travel time spent in this place.
 D = Time resting spent in this place.
 E = Time spent auto-exploring this place.
 F = Levels seen in this place.
 G = Mean time per level.
                   A        B        C        D        E       F      G
               +--------+--------+--------+--------+--------+-----+--------+
         Total |   1199 |   1166 |     33 |      7 |   1007 |   2 |  599.5 |
       Dungeon |   1199 |   1166 |     33 |      7 |   1007 |   2 |  599.5 |
               +--------+--------+--------+--------+--------+-----+--------+

Top non-repeatable levels by time:
     D:1: 886 daAuts
     D:2: 313 daAuts

Table legend:
 A = Kills in this place as a percentage of kills in the entire game.
 B = Kills by you in this place as a percentage of kills by you in the entire game.
 C = Kills by friends in this place as a percentage of kills by friends in the entire game.
 D = Other kills in this place as a percentage of other kills in the entire game.
 E = Experience gained in this place as a percentage of experience gained in the entire game.
 F = Experience gained in this place divided by the number of levels of this place that you have seen.
                   A       B       C       D       E      F
               +-------+-------+-------+-------+-------+----------------------
         Total | 100.0 | 100.0 |   N/A |   N/A | 100.0 |  25.0
       Dungeon | 100.0 | 100.0 |   N/A |   N/A | 100.0 |  25.0
               +-------+-------+-------+-------+-------+----------------------
